 Dungeon Crawl Stone Soup version 0.30-a0-414-gcb316572d5 (webtiles) character file.

Game seed: 642464249755135997

137783 Khashishi the Acrobat (level 16, -6/80 HPs)
             Began as a Felid Berserker on Jan 10, 2022.
             Was an Elder of Trog.
             Killed by divine providence
             ... invoked by a meliai
              (10 damage)
             ... on level 3 of the Spider Nest on Dec 8, 2022.
             The game lasted 04:06:14 (33193 turns).

Khashishi the Acrobat (Felid Berserker)            Turns: 33193, Time: 04:06:15

Health: -6/80      AC:  3    Str: 13    XL:     16   Next: 40%
Magic:  15/15      EV: 54    Int:  9    God:    Trog [****..]
Gold:   1689       SH:  0    Dex: 32    Spells: 15/15 levels left
                                        Lives:  0   Deaths: 5

rFire   . . .      SeeInvis +      - Unarmed
rCold   + + .      Faith    +    (shield unavailable)
rNeg    + + .      Spirit   .    (body armour unavailable)
rPois   +          Reflect  .    (helmet unavailable)
rElec   +          Harm     .    (cloak unavailable)
rCorr   .          Rampage  .    (gloves unavailable)
Will    +++++                    (boots unavailable)
Stlth   +++++++++.               L - amulet "Ogompo Oher" {Faith rElec rN+ Dex+3}
HPRegen 1.33/turn                d - +6 ring of dexterity
MPRegen 0.14/turn                K - ring of Itoib {rPois rC+ rN+ Will+ SInv}

@: strong-willed, regenerating, quick
A: very small, claws 1, fangs 3, see invisible, speed 1, shaggy fur 3, stealthy
paws, no weapons or thrown items, no armour, multi-lived, low MP 1, MP-powered
wands
}: 1/15 runes: decaying
a: Renounce Religion, Berserk, Trog's Hand, Brothers in Arms


You were on level 3 of the Spider Nest.
You worshipped Trog.
Trog was greatly pleased with you.
You visited 6 branches of the dungeon, and saw 32 of its levels.

You collected 3481 gold pieces.
You spent 1792 gold pieces at shops.

Inventory:

Jewellery
 d - a +6 ring of dexterity (left paw)
 p - a ring of fire
 K - the ring of Itoib (right paw) {rPois rC+ rN+ Will+ SInv}
   (You bought it in a shop on level 2 of the Orcish Mines)

   [ring of willpower]

   rC:        It protects you from cold.
   rPois:     It protects you from poison.
   rN:        It protects you from negative energy.
   SInv:      It lets you see invisible.
   Will:      It increases your willpower.
 L - the amulet "Ogompo Oher" (around neck) {Faith rElec rN+ Dex+3}
   (You bought it in a shop on level 2 of the Orcish Mines)

   [amulet of faith]

   It allows you to gain divine favour quickly.
   Dex:       It affects your dexterity (+3).
   rElec:     It insulates you from electricity.
   rN:        It protects you from negative energy.
 M - the ring "Paigats" {Ice Fly rCorr Dex+3}
   (You bought it in a shop on level 2 of the Orcish Mines)

   [ring of ice]

   It enhances your ice magic.
   Dex:       It affects your dexterity (+3).
   rF:        It makes you vulnerable to fire.
   rC:        It protects you from cold.
   Fly:       It grants you flight.
   rCorr:     It protects you from acid and corrosion.
Wands
 b - a wand of iceblast (18)
 h - a wand of polymorph (20)
 n - a wand of flame (30)
 v - a wand of digging (1)
 w - a wand of acid (3)
 N - a wand of quicksilver (4)
Scrolls
 c - 4 scrolls of fear
 f - 5 scrolls of immolation
 j - 7 scrolls of fog
 r - 3 scrolls of summoning
 u - a scroll of poison
 y - 3 scrolls of vulnerability
 A - 7 scrolls of identify
 B - 4 scrolls of silence
 C - 6 scrolls of teleportation
 E - 8 scrolls of blinking
 F - 6 scrolls of magic mapping
Potions
 e - 7 potions of attraction
 g - 10 potions of curing
 i - 2 potions of lignification
 k - 3 potions of mutation
 l - 3 potions of cancellation
 m - 2 potions of magic
 s - 2 potions of flight
 t - 2 potions of resistance
 D - a potion of might
 G - 3 potions of berserk rage
 J - a potion of haste
Miscellaneous
 a - a phantom mirror (inert)
 o - a phial of floods
 z - a tin of tremorstones (2/2)
 H - a box of beasts (inert)
 I - a piece from Xom's chessboard (15/15)


   Skills:
 + Level 14.7 Fighting
 + Level 24.4 Dodging
 + Level 22.9 Stealth
 + Level 17.6 Unarmed Combat
 + Level 9.0 Evocations


You had 15 spell levels left.
You didn't know any spells.
Your spell library contained the following spells:

 Spells                   Type           Power      Damage    Failure   Level
 Animate Skeleton         Necr           0%         N/A       38%         1
 Magic Dart               Conj           0%         1d3       38%         1
 Pain                     Necr           0%         1d4       38%         1
 Blink                    Tloc           0%         N/A       52%         2
 Call Imp                 Summ           0%         N/A       52%         2
 Ensorcelled Hibernation  Hex/Ice        0%         N/A       52%         2
 Scorch                   Fire           0%         2d5       52%         2
 Sublimation of Blood     Necr           0%         N/A       52%         2
 Wereblood                Tmut           0%         N/A       52%         2
 Lesser Beckoning         Tloc           0%         N/A       77%         3
 Mephitic Cloud           Conj/Pois/Air  0%         N/A       77%         3
 Ozocubu's Armour         Ice            0%         N/A       77%         3
 Spider Form              Tmut/Pois      0%         N/A       77%         3
 Vampiric Draining        Necr           0%         2d6       77%         3
 Anguish                  Hex/Necr       0%         N/A       99%         4
 Animate Dead             Necr           0%         N/A       99%         4
 Flame Wave               Conj/Fire      0%         2d4       99%         4
 Fulminant Prism          Conj/Hex       0%         3d5       99%         4
 Iskenderun's Mystic Bla  Conj/Tloc      0%         2d3       99%         4
 Manifold Assault         Tloc           0%         N/A       99%         4
 Borgnjor's Vile Clutch   Necr/Erth      0%         N/A       100%        5
 Freezing Cloud           Conj/Ice/Air   0%         6-21      100%        5
 Lee's Rapid Deconstruct  Erth           0%         3d4*      100%        5
 Metabolic Englaciation   Hex/Ice        0%         N/A       100%        5
 Death Channel            Necr           0%         N/A       100%        6
 Simulacrum               Ice/Necr       0%         N/A       100%        6
 Summon Cactus Giant      Summ           0%         N/A       100%        6
 Summon Hydra             Summ           0%         N/A       100%        7
 Polar Vortex             Ice            0%         N/A       100%        9


Dungeon Overview and Level Annotations

Branches:
Dungeon (15/15)            Temple (1/1) D:5            Lair (6/6) D:9
  Swamp (4/4) Lair:2       Spider (4/4) Lair:4        Slime (0/5) Lair:5
    Orc (2/2) D:11            Elf (0/3) Orc:2        Vaults (0/5) D:14
 Depths (0/4) D:15

Altars:
Ashenzari
Cheibriados
Dithmenos
Elyvilon
Fedhas
Gozag
Hepliaklqana
Kikubaaqudgha
Makhleb
Nemelex Xobeh
Okawaru
Qazlal
Ru
Sif Muna
Trog
Uskayaw
Vehumet
Wu Jian
Xom
Yredelemnul
Zin
The Shining One
Jiyva

Shops:
D:3 (   D:7 (   D:14 :   Orc:2 *(=*

Annotations:
Spider:2 3 runed translucent doors, Pesouf's ghost, adept MfHs


Innate Abilities, Weirdness & Mutations

You have sharp claws.
You have razor-sharp teeth.
You have supernaturally acute eyesight. (SInv)
You cover ground quickly. (Speed+)
Your thick and shaggy fur keeps you warm. (AC +3, rC+)
Your paws help you pounce on unaware monsters.
You are incapable of wielding weapons or throwing items.
You cannot wear armour.
You gain extra lives every three experience levels.
Your magical capacity is low. (-10% MP)
You expend magic power (3 MP) to strengthen your wands.


Message History

The meliai completely misses you. The meliai stings you!
You barely miss the meliai. You bite the meliai, but do no damage.
The meliai completely misses you. x2
The meliai completely misses you. x5
The meliai stings you but does no damage.
You climb upwards.
There is a stone staircase leading down, spattered with blood here.
You closely miss the meliai. The meliai completely misses you. x4
You barely miss the meliai. Your bite misses the meliai.
The meliai completely misses you. x2
The meliai mumbles some strange prayers to its god against you.
Something smites you! The meliai completely misses you. x4
You mangle the meliai!! You claw the meliai, but do no damage.
The meliai is almost dead.
The meliai invokes the aid of its god against you.
Something smites you! The meliai hits you with a +0 war axe!
* * * LOW HITPOINT WARNING * * *
The meliai completely misses you.
Okay, then.
Unknown command.
You closely miss the meliai.
The meliai is almost dead.
The meliai completely misses you. x4
You scratch the meliai.
The meliai is almost dead.
The meliai calls down the wrath of its god upon you.
Something smites you!
* * * LOW HITPOINT WARNING * * *
The meliai completely misses you. x6
Okay, then.
Okay, then.
Unknown command.
Okay, then.
Unknown command.
Okay, then.
Your skin crawls.
You feel strong-willed.
The meliai calls down the wrath of its god upon you.
Something smites you!
You die...

##......###
#.^....#
#........##
####....
#.........###
##.....
#...........######
#......
##...............##
#......
#.............^..#
#..<...
#................#
#...... #
#.............y..#
#...... #
##............@y.#
##..... #
#...............#
#..^.#
#...........)..##
###.##
#..............#
###
##............##
#...........##
##.^.......## ###
#########^.## ##..
# ###.# ##...


You could see 2 meliai.

Vanquished Creatures
  Bai Suzhen (Spider:3)
  Rupert (Orc:2)
  Jorgrun (Orc:2)
  Asterion (Spider:1)
  Gastronok (Lair:1)
  A thorn hunter (Swamp:4)
  Kirke (Lair:4)
  Donald (Spider:3)
  The ghost of p00ps00p the Severer, a journeyman HOFi of Gozag (Orc:2)
  The ghost of Onwo the Blocker, a journeyman DDNe of Uskayaw (D:14)
  An emperor scorpion (Spider:1)
  Louise (Swamp:3)
  4 ghost moths
  4 ghouls
  2 broodmothers
  2 eleionomae
  3 bunyips
  3 minotaurs
  Snorg (Lair:5)
  Josephine (D:15)
  Fannar (D:11)
  Harold (D:10)
  3 fire dragons
  An entropy weaver (Spider:1)
  A great orb of eyes (D:10)
  7 boulder beetles
  24 hydras
  3 catoblepae
  A spriggan air mage (Swamp:3)
  2 ghost crabs (Swamp:2)
  A jorogumo (Spider:3)
  3 radroaches
  2 ogre magi
  12 alligators
  7 two-headed ogres
  2 centaur warriors
  Erica (Lair:1)
  7 death yaks
  Sonja (Orc:1)
  3 orc high priests (Orc:2)
  A fire crab (shapeshifter) (D:15)
  A fire crab (Swamp:4)
  A skeletal warrior (D:14)
  3 sun moths (Spider:3)
  2 goliath frogs
  A spriggan druid (Swamp:3)
  6 steelbarb worms
  5 orb spiders
  8 swamp dragons
  A deep elf archer (D:14)
  9 lindwurms
  A wizard (D:14)
  A necromancer (D:15)
  5 bog bodies
  5 orc sorcerers
  2 deep elf zephyrmancers (D:14)
  4 deep elf pyromancers
  7 orc knights
  2 cyclopes
  13 wolf spiders
  2 moths of wrath
  31 ugly things
  2 elephants (Lair:6)
  4 manticores
  A will-o-the-wisp (Swamp:1)
  Joseph (D:8)
  5 torpor snails
  2 naga magi (D:15)
  5 black mambas
  Maurice (D:8)
  A water nymph (shapeshifter) (D:14)
  21 cane toads
  An unseen horror (D:8)
  2 gargoyles (D:11)
  5 demonic crawlers
  11 rime drakes
  14 yaktaurs
  17 komodo dragons
  A kobold demonologist (D:14)
  7 tyrant leeches
  A tengu conjurer (D:14)
  A polar bear (Lair:1)
  A queen bee (shapeshifter) (D:13)
  6 trolls
  6 meliai
  10 hornets
  2 bloated husks
  21 tarantellas
  7 blink frogs
  4 dream sheep (Lair:6)
  A harpy skeleton (D:14)
  5 slime creatures
  9 culicivoras
  14 jumping spiders
  9 spriggans
  6 wraiths
  53 yaks
  2 shadows
  9 wyverns
  Sigmund (D:3)
  2 hogs
  7 basilisks
  The ghost of oldriver the Skirmisher, an amateur FoCK of Xom (D:3)
  A fire elemental (D:13)
  8 steam dragons
  34 redbacks
  6 vampire mosquitoes
  12 swamp worms
  4 wargs (Orc:2)
  10 water moccasins
  4 acid dragons
  4 hell hounds
  12 swamp drakes
  A sky beast (D:7)
  24 orc warriors
  5 black bears
  An ice beast (Lair:3)
  3 necrophages
  21 wolves
  4 boggarts (D:14)
  9 ogres
  3 centaurs
  A phantom (D:5)
  3 gnoll sergeants
  9 bullfrogs
  2 water moccasin zombies
  4 scorpions
  A wyvern skeleton (D:6)
  7 killer bees
  4 wights (D:8)
  2 electric eels (D:12)
  5 lava snakes
  2 howler monkeys
  5 centaur zombies
  A bullfrog zombie (D:7)
  3 jellies
  2 hounds
  15 orc priests
  A bullfrog skeleton (D:4)
  2 gnoll boudas (D:7)
  3 iron imps (D:8)
  8 centaur skeletons
  4 iguanas
  9 hell rats
  19 orc wizards
  A hound zombie (D:5)
  Robin (D:4)
  28 gnolls
  8 adders
  2 hound simulacra (D:3)
  2 ufetubi
  2 adder skeletons
  5 worms
  4 dart slugs
  59 orcs
  7 ball pythons
  9 endoplasms
  3 giant cockroaches
  22 goblins
  14 hobgoblins
  4 jackals (D:1)
  6 kobolds
  3 quokkas
  2 ball python simulacra (D:3)
  3 bats
  9 frilled lizards
  2 rats (D:2)
  A bush (Lair:5)
980 creatures vanquished.

Vanquished Creatures (collateral kills)
  Azrael (D:14)
  A fire dragon (Swamp:4)
  A swamp dragon (Swamp:4)
  A rime drake (Lair:6)
  A blink frog (Lair:6)
  2 yaks (Lair:6)
  A hog (Lair:4)
  A vampire (D:11)
  A wyvern (Lair:6)
  2 water moccasins (Lair:6)
  A swamp worm (Swamp:4)
  2 orc priests
  An orc wizard (D:11)
  11 orcs
27 creatures vanquished.

Vanquished Creatures (others)
  A will-o-the-wisp (Swamp:1)
  2 bloated husks (Swamp:1)
  2 steam dragons (Swamp:4)
  An orc warrior (Orc:2)
  A wolf (Lair:5)
  8 foxfires (Swamp:1)
  60 fungi
  62 plants
137 creatures vanquished.

Grand Total: 1144 creatures vanquished

Notes
Turn   | Place    | Note
-------+----------+-------------------------------------------
     0 | D:1      | Khashishi the Felid Berserker began the quest for the Orb.
     0 | D:1      | Reached XP level 1. HP: 10/10 MP: 2/2
   143 | D:1      | Reached skill level 1 in Stealth
   160 | D:1      | Reached XP level 2. HP: 12/14 MP: 3/3
   580 | D:1      | Found a faded altar of an unknown god.
  1132 | D:2      | Reached XP level 3. HP: 16/17 MP: 4/4
  1192 | D:2      | Found a burning altar of Makhleb.
  1450 | D:2      | Reached XP level 4. HP: 21/21 MP: 5/5
  1678 | D:2      | Reached skill level 1 in Evocations
  1843 | D:3      | Found a runed translucent gate.
  1844 | D:3      | Found a runed translucent gate.
  1845 | D:3      | Reached ** piety under Trog
  1846 | D:3      | Found a runed translucent gate.
  2159 | D:3      | Found Yrupt's Weapon Shop.
  2185 | D:3      | Noticed oldriver's ghost (amateur FoCK)
  2397 | D:3      | Noticed Sigmund
  2408 | D:3      | Killed Sigmund
  2409 | D:3      | Reached skill level 5 in Stealth
  2409 | D:3      | Reached XP level 5. HP: 24/24 MP: 6/6
  2540 | D:3      | Gained mutation: You are covered in thick fur. (AC +2)
                  | [Felid growth]
  2540 | D:3      | Reached XP level 6. HP: 27/28 MP: 7/7
  2624 | D:4      | Noticed Robin
  2646 | D:4      | Killed Robin
  2647 | D:4      | Reached skill level 5 in Dodging
  2876 | D:4      | Reached skill level 5 in Unarmed Combat
  2876 | D:4      | Reached XP level 7. HP: 31/31 MP: 8/8
  3052 | D:3      | Killed oldriver's ghost
  3053 | D:3      | Reached skill level 6 in Dodging
  3061 | D:3      | Identified the +2 robe of the Vestibule of Hell {+Inv
                  | Int+5}
  3267 | D:5      | Entered Level 5 of the Dungeon
  3297 | D:5      | Found a shimmering blue altar of Sif Muna.
  3313 | D:5      | Found a hide-covered altar of Uskayaw.
  3331 | D:5      | Noticed a shadow
  3359 | D:5      | Slain by a shadow
  3360 | D:5      | Reached XP level 6. HP: -2/28 MP: 7/7
  3413 | D:5      | Reached skill level 7 in Dodging
  3413 | D:5      | Reached XP level 7. HP: 24/31 MP: 8/8
  3700 | D:5      | Found a staircase to the Ecumenical Temple.
  3731 | Temple   | Entered the Ecumenical Temple
  3939 | D:5      | Killed a shadow
  3968 | D:5      | Found a shimmering altar of Xom.
  4061 | D:5      | Reached XP level 8. HP: 36/36 MP: 9/9
  4426 | D:5      | Reached skill level 8 in Dodging
  4876 | D:6      | Found a sparkling altar of Nemelex Xobeh.
  5639 | D:7      | Found a radiant altar of Vehumet.
  5816 | D:7      | Reached XP level 9. HP: 32/40 MP: 10/10
  5916 | D:7      | Reached skill level 5 in Fighting
  5916 | D:7      | Reached skill level 5 in Evocations
  6301 | D:7      | Found Palax's Antique Weapon Shoppe.
  6460 | D:7      | Reached skill level 9 in Dodging
  6810 | D:7      | Found an ornate altar of the Wu Jian Council.
  7030 | D:8      | Found a glowing golden altar of the Shining One.
  7110 | D:8      | Noticed an unseen horror
  7112 | D:8      | Killed an unseen horror
  7113 | D:8      | Reached skill level 10 in Stealth
  7143 | D:8      | Noticed Joseph
  7153 | D:8      | Killed Joseph
  7163 | D:8      | Found a burning altar of Makhleb.
  7257 | D:8      | Noticed a boulder beetle
  7304 | D:8      | Killed a boulder beetle
  7305 | D:8      | Reached XP level 10. HP: 25/45 MP: 11/11
  7651 | D:8      | Reached skill level 10 in Dodging
  7890 | D:8      | Noticed Maurice
  7905 | D:8      | Killed Maurice
  8197 | D:9      | Found a staircase to the Lair.
  8263 | D:9      | Mangled by a yak
  8264 | D:9      | Reached XP level 9. HP: -7/61 MP: 0/10
  8595 | D:9      | Found a sacrificial altar of Ru.
  8620 | D:9      | Noticed a two-headed ogre
  8632 | D:9      | Killed a two-headed ogre
  8633 | D:9      | Reached skill level 11 in Dodging
  8633 | D:9      | Reached XP level 10. HP: 26/45 MP: 6/11
  8718 | D:9      | Found an opulent altar of Gozag.
  8751 | D:9      | Found a glowing silver altar of Zin.
  9009 | D:9      | Noticed a lindwurm
  9010 | D:9      | Noticed a lindwurm
  9039 | D:10     | Entered Level 10 of the Dungeon
  9055 | D:10     | Found a transporter.
  9058 | D:10     | Found a transporter.
  9061 | D:10     | Found a viscous altar of Jiyva.
  9103 | D:10     | Noticed a great orb of eyes
  9113 | D:10     | HP: 1/45 [large slime creature (8)]
  9114 | D:10     | Mangled by a great orb of eyes
  9115 | D:10     | Reached XP level 9. HP: -9/41 MP: 0/10
  9161 | D:10     | Killed a large slime creature
  9165 | D:10     | Killed a large slime creature
  9181 | D:10     | Killed a great orb of eyes
  9420 | D:10     | Noticed a two-headed ogre
  9427 | D:10     | Reached skill level 12 in Dodging
  9427 | D:10     | Reached XP level 10. HP: 45/45 MP: 11/11
  9435 | D:10     | Killed a two-headed ogre
  9614 | D:10     | Noticed Harold
  9619 | D:10     | Killed Harold
  9620 | D:10     | Reached skill level 10 in Unarmed Combat
  9740 | D:9      | Noticed a lindwurm
  9776 | Lair:1   | Entered Level 1 of the Lair of Beasts
  9776 | Lair:1   | Noticed Gastronok
  9790 | Lair:1   | Killed Gastronok
  9841 | Lair:1   | Noticed a six-headed hydra
  9882 | Lair:1   | Reached skill level 13 in Dodging
  9898 | Lair:1   | Reached XP level 11. HP: 25/48 MP: 3/12
 10133 | Lair:1   | Noticed Erica
 10140 | Lair:1   | Killed Erica
 10270 | Lair:1   | Killed a six-headed hydra
 10619 | Lair:1   | Found a runed translucent door.
 10619 | Lair:1   | Found the +2 hat of the Bear Spirit {Spirit, *Rage Will++}
 10630 | Lair:1   | Noticed a wolf spider
 10634 | Lair:1   | Killed a wolf spider
 10640 | Lair:1   | Found a runed translucent gate.
 10640 | Lair:1   | Found a runed translucent gate.
 10640 | Lair:1   | Found a runed translucent gate.
 10640 | Lair:1   | Found a runed translucent gate.
 10640 | Lair:1   | Found a runed translucent gate.
 10640 | Lair:1   | Noticed a boulder beetle
 10640 | Lair:1   | Noticed a lindwurm
 10640 | Lair:1   | Noticed a boulder beetle
 10650 | Lair:1   | Reached skill level 14 in Dodging
 10763 | Lair:2   | Noticed an eight-headed hydra
 10768 | Lair:2   | Killed an eight-headed hydra
 11015 | Lair:2   | Noticed a four-headed hydra
 11083 | Lair:2   | Killed a four-headed hydra
 11088 | Lair:2   | Noticed an eight-headed hydra
 11115 | Lair:2   | Killed an eight-headed hydra
 11116 | Lair:2   | Reached skill level 15 in Dodging
 11290 | Lair:2   | Gained mutation: Your thick and shaggy fur keeps you warm.
                  | (AC +3, rC+) [Felid growth]
 11290 | Lair:2   | Reached XP level 12. HP: 53/53 MP: 13/13
 11567 | Lair:2   | You fall into a shaft and drop 2 floors!
 11836 | Lair:2   | Found a staircase to the Swamp.
 11978 | Lair:3   | Reached skill level 15 in Stealth
 12583 | Lair:4   | Found a hole to the Spider Nest.
 12819 | Lair:4   | Noticed Kirke
 12828 | Lair:4   | Killed Kirke
 12829 | Lair:4   | Noticed a boulder beetle
 12862 | Lair:4   | Reached *** piety under Trog
 12995 | Lair:4   | Killed a boulder beetle
 13011 | Lair:4   | Identified a scroll of acquirement
 13011 | Lair:4   | Acquired a manual of Dodging
 13533 | Lair:5   | Reached skill level 16 in Dodging
 13913 | Lair:5   | Noticed Snorg
 14013 | Lair:5   | Noticed a seven-headed hydra
 14021 | Lair:5   | Reached XP level 13. HP: 58/58 MP: 14/14
 14022 | Lair:5   | Found a burning altar of Makhleb.
 14218 | Lair:5   | Reached skill level 17 in Dodging
 14321 | Lair:5   | Found a staircase to the Slime Pits.
 14564 | Lair:6   | Entered Level 6 of the Lair of Beasts
 14711 | Lair:6   | Reached **** piety under Trog
 15376 | Lair:6   | Reached skill level 18 in Dodging
 15660 | Lair:6   | Reached XP level 14. HP: 64/64 MP: 15/15
 15709 | Lair:5   | Killed Snorg
 15882 | Lair:5   | Identified the +7 plate armour "Uqur" {rElec Str+3}
 16375 | Lair:6   | Reached skill level 19 in Dodging
 16584 | D:9      | Upgraded the game from 0.28-a0-1447-ga5a8893891 to
                  | 0.29-a0-219-g0a02b1cf4f
 16584 | D:9      | Upgraded the game from 0.29-a0-219-g0a02b1cf4f to
                  | 0.30-a0-414-gcb316572d5
 16960 | D:11     | Found a staircase to the Orcish Mines.
 17089 | D:11     | Noticed Fannar
 17110 | D:11     | Killed Fannar
 17280 | D:11     | Reached skill level 10 in Fighting
 17671 | Orc:1    | Entered Level 1 of the Orcish Mines
 18480 | D:12     | Reached skill level 20 in Dodging
 18533 | D:12     | Identified the +8 plate armour of Wu Jian's Respect
                  | {Rampage Str-5 Dex+7}
 19015 | D:13     | Identified the +6 scimitar of the Priest {speed, rC+ Str+3}
 19618 | D:14     | Identified the +5 hunting sling "Jellybane" {vorpal, *Slow
                  | rCorr Dex+3}
 19705 | D:14     | Reached XP level 15. HP: 70/70 MP: 16/16
 19890 | D:14     | Found a gate to the Vaults.
 19924 | D:14     | Reached ***** piety under Trog
 20077 | D:14     | Found Xeatteir's Book Shoppe.
 20114 | D:14     | Noticed Azrael
 20385 | D:14     | Found a runed translucent gate.
 20385 | D:14     | Found a runed translucent gate.
 20386 | D:14     | Found a runed translucent gate.
 20428 | D:14     | Reached skill level 21 in Dodging
 20552 | D:14     | Noticed Onwo's ghost (journeyman DDNe)
 20598 | D:14     | Reached skill level 15 in Unarmed Combat
 20760 | D:14     | Found a glowing golden altar of the Shining One.
 20862 | D:14     | Killed Azrael
 20887 | D:14     | Found a shimmering blue altar of Sif Muna.
 21105 | D:14     | HP: 3/71 [Onwo's ghost (5)]
 21317 | D:14     | Killed Onwo's ghost
 21502 | D:9      | Identified the +8 quarterstaff of Awoderu {vorpal, rPois
                  | rC+ rN+ Int+2}
 21510 | D:9      | Identified the +0 plate armour "Ledes" {rN++ Will+++ Slay-3
                  | Stlth-}
 21637 | D:15     | Entered Level 15 of the Dungeon
 21970 | D:15     | Reached skill level 22 in Dodging
 22084 | D:15     | Noticed Josephine
 22089 | D:15     | Killed Josephine
 22297 | D:15     | Found a staircase to the Depths.
 22448 | D:15     | Found a shadowy altar of Dithmenos.
 22781 | Orc:1    | Noticed Sonja
 22806 | Orc:1    | Killed Sonja
 22869 | Orc:2    | Entered Level 2 of the Orcish Mines
 22924 | Orc:2    | Found a large runed translucent door.
 22931 | Orc:2    | Found a large runed translucent door.
 22984 | Orc:2    | Noticed Rupert
 22987 | Orc:2    | Found a staircase to the Elven Halls.
 22996 | Orc:2    | Killed Rupert
 22997 | Orc:2    | Reached XP level 16. HP: 76/76 MP: 17/17
 23021 | Orc:2    | Noticed Jorgrun
 23028 | Orc:2    | Killed Jorgrun
 23458 | Orc:2    | Found Otyora's Assorted Antiques.
 23458 | Orc:2    | Found Yczoucet's General Store.
 23462 | Orc:2    | Found Meot's Antique Weapon Shop.
 23462 | Orc:2    | Found Usmynoomn's Jewellery Shoppe.
 23471 | Orc:2    | Bought the ring of Itoib {rPois rC+ rN+ Will+ SInv} for 774
                  | gold pieces
 23475 | Orc:2    | Bought a faintly glowing diamond amulet for 160 gold pieces
 23475 | Orc:2    | Identified the amulet "Ogompo Oher" {Faith rElec rN+ Dex+3}
                  | (You bought it in a shop on level 2 of the Orcish Mines)
 23491 | Orc:2    | Bought the ring "Paigats" {Ice Fly rCorr Dex+3} for 690
                  | gold pieces
 23494 | Orc:2    | Bought a scroll of blinking for 120 gold pieces
 23494 | Orc:2    | Bought a potion of curing for 48 gold pieces
 23585 | Orc:2    | Noticed p00ps00p's ghost (journeyman HOFi)
 23608 | Orc:2    | Killed p00ps00p's ghost
 23962 | Lair:1   | Found a runed translucent gate.
 24180 | Swamp:1  | Entered Level 1 of the Swamp
 25418 | Swamp:2  | Reached skill level 23 in Dodging
 25801 | Swamp:2  | Identified the +0 ring mail of Benevolence {Will++}
 25933 | Swamp:2  | Gained mutation: You occasionally shout uncontrollably at
                  | your foes. [potion of mutation]
 25933 | Swamp:2  | Gained mutation: You have a pair of small horns on your
                  | head. [potion of mutation]
 25933 | Swamp:2  | Gained mutation: Your system is resistant to poisons.
                  | (rPois) [potion of mutation]
 25934 | Swamp:2  | Lost mutation: You occasionally shout uncontrollably at
                  | your foes. [potion of mutation]
 25934 | Swamp:2  | Lost mutation: Your system is resistant to poisons. (rPois)
                  | [potion of mutation]
 25934 | Swamp:2  | Lost mutation: You have a pair of small horns on your head.
                  | [potion of mutation]
 25934 | Swamp:2  | Gained mutation: Your magical capacity is low. (-10% MP)
                  | [potion of mutation]
 25934 | Swamp:2  | Gained mutation: You expend magic power (3 MP) to
                  | strengthen your wands. [potion of mutation]
 26047 | Swamp:3  | Killed from afar by a swamp worm
 26048 | Swamp:3  | Reached XP level 15. HP: -5/111 MP: 14/14
 26192 | Swamp:3  | Noticed Louise
 26200 | Swamp:3  | Killed Louise
 26452 | Swamp:4  | Entered Level 4 of the Swamp
 26452 | Swamp:4  | Noticed a thorn hunter
 26534 | Swamp:3  | HP: 3/111 [ghoul (9)]
 26762 | Swamp:3  | Reached XP level 16. HP: 54/78 MP: 15/15
 26923 | Swamp:4  | Killed a thorn hunter
 27247 | Swamp:4  | Identified the +0 leather armour of Rucze {rElec Str-5
                  | Int+4}
 28031 | Swamp:4  | Got a decaying rune of Zot
 28338 | Spider:1 | Entered Level 1 of the Spider Nest
 28976 | Spider:1 | HP: 3/79 [poisoned by an emperor scorpion]
 29287 | Spider:1 | Noticed Asterion
 29311 | Spider:1 | Mangled by Asterion
 29312 | Spider:1 | Reached XP level 15. HP: -10/75 MP: 14/14
 29329 | Spider:1 | Killed Asterion
 30848 | Spider:2 | Reached skill level 24 in Dodging
 31171 | Spider:2 | Found a runed translucent gate.
 31174 | Spider:2 | Found a runed translucent gate.
 31174 | Spider:2 | Found a runed translucent gate.
 31235 | Spider:2 | Noticed Pesouf's ghost (adept MfHs)
 31240 | Spider:2 | Noticed an emperor scorpion
 31325 | Spider:3 | HP: 2/76 [disintegration (23)]
 31331 | Spider:3 | Reached XP level 16. HP: 39/80 MP: 0/15
 31333 | Spider:3 | HP: 3/80 [sun moth (24)]
 32206 | Spider:3 | Noticed Donald
 32242 | Spider:3 | Killed Donald
 32587 | Spider:3 | Noticed Bai Suzhen
 32804 | Spider:3 | Killed Bai Suzhen
 32851 | Spider:4 | Entered Level 4 of the Spider Nest
 33192 | Spider:3 | HP: 3/80 [meliai/divine providence (14)]
 33193 | Spider:3 | Killed from afar by a meliai

Illustrated notes

Levels and vault maps discovered:
D:1:      minmay_arrival_diagonal_passages, layout_basic,
          hellmonk_ecumenical_altar_blasted, minmay_misc_feat_cross
D:2:      cheibrodos_greedy_goblins, layout_loops_cross, basic_altar,
          hangedman_decor_diamond_cutter, minmay_misc_feat_hallway
D:3:      layout_basic, serial_shops,
          nicolae_shop_temple_entry_statues_fountains, gammafunk_ghost_icy,
          uniq_sigmund
D:4:      layout_cave_pools, chequers_serial_rivers_micro_c, minmay_circle_x,
          uniq_robin
D:5:      layout_basic, mainiacjoe_overflow_boulevard, lemuel_tele_altar,
          lemuel_crystal_altar, minmay_temple_entry_junction_2, serial_rivers,
          chequers_serial_rivers_micro_a, chequers_serial_rivers_micro_d,
          chequers_serial_rivers_large_a, chequers_serial_rivers_micro_d,
          chequers_serial_rivers_micro_a, minmay_chambers_of_fives
D:6:      layout_basic, nemelex_xobeh_ov_fountains_minmay
D:7:      layout_layer_cave, general_overflow_altar, vehumet_altar_wand_db,
          serial_shops, shop, grunt_ministairs_14
D:8:      layout_basic, mainiacjoe_overflow_six_doors_small, demons_altar,
          uniq_maurice, uniq_joseph
D:9:      layout_irregular_city, pdpol_temple_overflow_zin_treasury_gozag_greed,
          nicolae_ru_great_annihilating_truth, grunt_lair_entry_orc_guard_hut,
          minmay_lindwurm_lava
D:10:     gammafunk_jiyva_shrine, layout_rooms, uniq_harold
D:11:     layout_rooms, hiddenorc1_lemuel, uniq_fannar
D:12:     fort_yaktaur, layout_irregular_city, grunt_decor_arrowhead
D:13:     layout_roguey
D:14:     layout_roguey, hangedman_vaults_entry_quadrant_bands, serial_shops,
          shop_coins, maelrawn_ghost_gauntlet_escape,
          nicolae_tso_carved_into_rock, kennysheep_orc_sif_temple, uniq_azrael
D:15:     grunt_enter_depths_magical_seal, layout_cave_pools,
          grunt_dithmenos_smoke_and_mirrors, uniq_josephine
Temple:   bh_familiar_temple
Lair:1:   gammafunk_indiana_jones, layout_loops_ring, lemuel_fruit_fields,
          uniq_gastronok, uniq_erica
Lair:2:   layout_regular_city, palyth_hydra_swamp_entry, beast_lair_carwin_3,
          grunt_megastairs_4
Lair:3:   layout_roguey
Lair:4:   layout_hall_layers, spider_nest_entry_web_field, minmay_holes,
          uniq_kirke
Lair:5:   layout_cave_shapes, nicolae_slime_entry_slimehenge, basic_altar,
          special_room [special_room_mythical_zoo], uniq_snorg
Lair:6:   guppyfry_lair_end_dragon, layout_regular_city,
          hangedman_lair_in_review
Swamp:1:  layout_basic_swamp, evilmike_swamp_ruin_house_1, swamp_pool5
Swamp:2:  layout_basic_swamp, evilmike_swamp_ruin_rubble_2, swamp_pool1
Swamp:3:  layout_basic_swamp, nicolae_swamp_some_circles,
          infiniplex_staircase_pool, uniq_louise
Swamp:4:  swamp_fiery, layout_basic_swamp
Spider:1: layout_chambers, nicolae_spider_not_touching_you, uniq_asterion
Spider:2: layout_cave_pods, gammafunk_ghost_split
Spider:3: layout_cave_pods, nicolae_spider_eight_legs, uniq_donald,
          uniq_bai_suzhen
Spider:4: spider_rune_water, nicolae_spider_nook
Orc:1:    layout_caves, basic_altar, uniq_sonja
Orc:2:    grunt_orc_tribal_feast, layout_diamond_mine,
          ebering_ghost_disaster_area, uniq_jorgrun, uniq_rupert

Skill      XL: |  1  2  3  4  5  6  7  8  9 10 11 12 13 14 15 16 |
---------------+-------------------------------------------------+-----
Stealth        | 2 3 4 5 6 8 9 13 14 16 17 18 20 22 | 22.9
Unarmed Combat | 4 5 6 7 9 10 12 13 14 15 17 | 17.6
Evocations     | 2 3 4 6 7 8 9 |  9.0
Dodging        | 7 6 8 12 13 15 16 18 20 24 23 | 24.4
Fighting       | 4 6 8 9 10 12 14 | 14.7

Action                   |  1- 3 |  4- 6 |  7- 9 | 10-12 | 13-15 | 16-18 || total
-------------------------+-------+-------+-------+-------+-------+-------++-------
Melee: Unarmed           |    82 |   107 |   299 |   437 |  1487 |   937 ||  3349
       Punch             |     4 |     3 |    15 |    45 |   190 |   137 ||   394
       Bite              |     3 |     5 |    27 |    76 |   241 |   175 ||   527
Invok: Berserk           |     8 |     8 |    17 |    20 |    37 |    21 ||   111
       Trog's Hand       |       |     2 |    10 |    16 |    32 |    28 ||    88
       Brothers in Arms  |       |       |       |       |     3 |     4 ||     7
Evoke: Wand              |       |       |    11 |    16 |    52 |    20 ||    99
       Tin of tremorston |       |       |       |     4 |     5 |     3 ||    12
       Box of beasts     |       |       |       |     1 |     4 |     2 ||     7
       Phantom mirror    |       |       |       |       |     2 |     2 ||     4
       Piece from Xom's  |       |       |       |       |     4 |     4 ||     8
  Use: Scroll            |       |     4 |    12 |    18 |     6 |     6 ||    46
       Potion            |       |     1 |     4 |     2 |    13 |    12 ||    32
 Stab: Sleeping          |     6 |     8 |    27 |    31 |    66 |    29 ||   167
       Invisible         |       |     1 |       |       |     6 |       ||     7
       Paralysed         |       |       |     2 |     1 |       |     1 ||     4
       Distracted        |       |       |       |     4 |    16 |     6 ||    26
       Petrified         |       |       |       |       |     4 |       ||     4
       Confused          |       |       |       |       |     1 |     1 ||     2
       Fleeing           |       |       |       |       |       |     1 ||     1
Armor: Skin              |     1 |     2 |     6 |     6 |    14 |    10 ||    39
Dodge: Dodged            |    36 |    69 |   234 |   328 |  1512 |  1326 ||  3505

Table legend: (Time is in decaauts)
 A = Elapsed time spent in this place.
 B = Non-inter-level travel time spent in this place.
 C = Inter-level travel time spent in this place.
 D = Time resting spent in this place.
 E = Time spent auto-exploring this place.
 F = Levels seen in this place.
 G = Mean time per level.
                   A        B        C        D        E       F      G
               +--------+--------+--------+--------+--------+-----+--------+
         Total |  28752 |  26909 |   1843 |   5024 |   9316 |  32 |  898.5 |
       Dungeon |  13524 |  12638 |    886 |   1676 |   5154 |  15 |  901.6 |
        Temple |    173 |    155 |     18 |      0 |    153 |   1 |  173.0 |
          Lair |   6110 |   5631 |    479 |    493 |   2094 |   6 | 1018.3 |
         Swamp |   3624 |   3408 |    216 |   1371 |    590 |   4 |  906.0 |
   Spider Nest |   4200 |   3991 |    209 |   1299 |   1018 |   4 | 1050.0 |
  Orcish Mines |   1119 |   1087 |     32 |    184 |    305 |   2 |  559.5 |
               +--------+--------+--------+--------+--------+-----+--------+

Top non-repeatable levels by time:
    D:14: 1757 daAuts
Spider:1: 1652 daAuts
Spider:3: 1351 daAuts
  Lair:6: 1325 daAuts
  Lair:5: 1254 daAuts
    D:12: 1195 daAuts
     D:7: 1193 daAuts
Spider:2: 1181 daAuts
     D:9: 1171 daAuts
 Swamp:4: 1122 daAuts
     D:5: 1025 daAuts
  Lair:2: 1021 daAuts
  Lair:1: 1019 daAuts
 Swamp:1: 1018 daAuts
     D:1: 959 daAuts
